 Dungeon Crawl Stone Soup version 0.29.1-13-g9f3cf754e1 (webtiles) character file.

Game seed: 8605695573693879972

103128 nightchill the Severer (level 15, -6/134 HPs)
             Began as a Minotaur Fighter on Feb 5, 2023.
             Was a Priest of Hepliaklqana.
             Shot with a bolt by something (7 damage)
             ... on level 2 of the Snake Pit on Feb 7, 2023.
             The game lasted 01:16:55 (39901 turns).

nightchill the Severer (Minotaur Fighter)          Turns: 39901, Time: 01:16:56

Health: -6/134     AC: 20    Str: 34    XL:     15   Next: 88%
Magic:  28/32      EV:  7    Int:  5    God:    Hepliaklqana [***...]
Gold:   1424       SH: 12    Dex: 10    Spells: 14/14 levels left

rFire   + . .      SeeInvis .   a - +3 war axe
rCold   . . .      Faith    +   S - +0 kite shield
rNeg    . . .      Spirit   .   G - +0 plate armour
rPois   .          Reflect  .   W - +1 hat
rElec   .          Harm     .   D - +1 cloak
rCorr   .          Rampage  .   o - +0 pair of gloves
Will    +....                   V - +0 pair of boots {Fly}
Stlth   ..........              f - amulet of the Furies {Faith MP+9}
HPRegen 0.32/turn               s - ring of protection from fire
MPRegen 0.23/turn               C - ring "Eguhe Levi" {Fly Str+6}

@: flying
A: reduced essence, horns 2, retaliatory headbutt
a: Renounce Religion, Recall Ancestor, Ancestor Identity, Transference


You were on level 2 of the Snake Pit.
You worshipped Hepliaklqana.
Hepliaklqana was most pleased with you.
You visited 5 branches of the dungeon, and saw 24 of its levels.

You collected 1888 gold pieces.
You spent 464 gold pieces at shops.

Inventory:

Hand Weapons
 a - a +3 war axe (weapon)
 w - a -2 demon whip of venom
 T - a +1 broad axe of chaos
Missiles
 c - 7 javelins
 O - 3 curare-tipped darts (quivered)
Armour
 o - a +0 pair of gloves (worn)
 D - a +1 cloak (worn)
 G - a +0 plate armour (worn)
 S - a +0 kite shield (worn)
 U - a +0 tower shield
 V - a +0 pair of boots of flying (worn)
 W - a +1 hat (worn)
Jewellery
 f - the amulet of the Furies (around neck) {Faith MP+9}
   (You found it on level 2 of the Lair of Beasts)

   [amulet of faith]

   It allows you to gain divine favour quickly.
   MP:        It affects your magic capacity (+9).
 g - a ring of resist corrosion
 s - a ring of protection from fire (left hand)
 C - the ring "Eguhe Levi" (right hand) {Fly Str+6}
   (You found it on level 7 of the Dungeon)

   [ring of flight]

   Str:       It affects your strength (+6).
   Fly:       It grants you flight.
 I - an amulet of reflection
 N - a ring of positive energy
Wands
 v - a wand of flame (42)
 B - a wand of paralysis (8)
 H - a wand of polymorph (13)
 R - a wand of mindburst (8)
 X - a wand of iceblast (6)
Scrolls
 b - 2 scrolls of vulnerability
 h - 2 scrolls of enchant armour
 i - 3 scrolls of silence
 k - 2 scrolls of magic mapping
 m - 3 scrolls of identify
 n - 8 scrolls of teleportation
 p - 2 scrolls of enchant weapon
 u - 4 scrolls of poison
 x - 3 scrolls of immolation
 y - 4 scrolls of butterflies
 F - 3 scrolls of amnesia
 L - a scroll of fear
 M - 3 scrolls of blinking
Potions
 d - a potion of resistance
 e - 6 potions of lignification
 j - a potion of berserk rage
 l - 4 potions of heal wounds
 q - 4 potions of ambrosia
 r - a potion of might
 t - 5 potions of curing
 z - 5 potions of cancellation
 A - 2 potions of magic
 E - 2 potions of attraction
 J - a potion of haste
 P - a potion of brilliance
 Q - 4 potions of mutation
Miscellaneous
 K - a condenser vane (inert)


   Skills:
 + Level 17.8 Fighting
 - Level 18.0 Axes
 - Level 10.0 Armour
 + Level 14.2 Shields
 - Level 12.0 Invocations
 + Level 8.0 Evocations


You had 14 spell levels left.
You didn't know any spells.
Your spell library contained the following spells:

 Spells                   Type           Power      Damage    Failure   Level
 Beastly Appendage        Tmut           0%         N/A       99%         1
 Freeze                   Ice            0%         1d3       99%         1
 Sandblast                Erth           0%         2d4       99%         1
 Ensorcelled Hibernation  Hex/Ice        0%         N/A       100%        2
 Passwall                 Tmut/Erth      0%         N/A       100%        2
 Static Discharge         Conj/Air       0%         3-3/arc   100%        2
 Wereblood                Tmut           0%         N/A       100%        2
 Dazzling Flash           Conj/Hex       0%         N/A       100%        3
 Frozen Ramparts          Ice            0%         1d1       100%        3
 Spider Form              Tmut/Pois      0%         N/A       100%        3
 Stone Arrow              Conj/Erth      0%         3d7       100%        3
 Swiftness                Air            0%         N/A       100%        3
 Tukima's Dance           Hex            0%         N/A       100%        3
 Animate Armour           Summ/Erth      0%         N/A       100%        4
 Corpse Rot               Necr/Pois/Air  0%         N/A       100%        4
 Dispel Undead            Necr           0%         3d6       100%        4
 Hailstorm                Conj/Ice       0%         3d3       100%        4
 Iskenderun's Mystic Bla  Conj/Tloc      0%         2d3       100%        4
 Passage of Golubria      Tloc           0%         N/A       100%        4
 Petrify                  Tmut/Erth      0%         N/A       100%        4
 Lightning Bolt           Conj/Air       0%         1d11      100%        5
 Metabolic Englaciation   Hex/Ice        0%         N/A       100%        5
 Yara's Violent Unravell  Hex/Tmut       0%         3d3       100%        5
 Death Channel            Necr           0%         N/A       100%        6
 Starburst                Conj/Fire      0%         6d3       100%        6
 Statue Form              Tmut/Erth      0%         N/A       100%        6
 Lehudib's Crystal Spear  Conj/Erth      0%         10d2      100%        8
 Maxwell's Capacitive Co  Air            0%         ∞         100%        8


Dungeon Overview and Level Annotations

Branches:
Dungeon (15/15)            Temple (1/1) D:4            Lair (4/5) D:10
  Swamp (0/4) Lair:2        Snake (2/4) Lair:3        Slime (0/5) Lair:4
    Orc (2/2) D:12            Elf (0/3) Orc:2        Vaults (0/5) D:13
 Depths (0/4) D:15

Altars:
Ashenzari
Cheibriados
Dithmenos
Elyvilon
Fedhas
Gozag
Hepliaklqana
Kikubaaqudgha
Makhleb
Nemelex Xobeh
Okawaru
Qazlal
Ru
Sif Muna
Trog
Uskayaw
Vehumet
Wu Jian
Xom
Yredelemnul
Zin
The Shining One
Jiyva

Shops:
Orc:1 !   Orc:2 *([:   Snake:2 [

Portals:
Bazaar: Snake:1

Annotations:
D:8 exclusions: iron imp, obsidian statue, orange crystal statue and 1 more exclusion
D:9 exclusion: downstairs
D:11 exclusion: 2 downstairs
D:15 2 transporters, Zuiskeng's ghost, journeyman TrFi
Lair:1 exclusion: 2 oklob plants
Lair:2 exclusion: 2 downstairs
Snake:1 exclusion: downstairs
Snake:2 Vashnia


Innate Abilities, Weirdness & Mutations

Your life essence is reduced to manifest your ancestor. (-10% HP)
You have a pair of horns on your head.
You reflexively headbutt those who attack you in melee.


Message History

You hear a thunk.
A bolt appears from out of thin air!
The bolt completely misses you.
A salamander comes into view. It is wielding a +0 trident.
You miss something. Your headbutt misses something.
You feel sick.
Jimmeh hits the naga sharpshooter with a +0 broad axe of flaming!!
Jimmeh burns the naga sharpshooter.
The naga sharpshooter dies!
Jimmeh hits something with a +0 broad axe of flaming.
Jimmeh closely misses something.
You hear a thunk.
A bolt appears from out of thin air!
The bolt hits you!
* * * LOW HITPOINT WARNING * * *
* * * LOW HITPOINT WARNING * * *
You hear a shout!
Your Evocations skill increases to level 8!
You slice something!! Your headbutt misses something.
You feel sick.
You are no longer poisoned.
Jimmeh hits the naga sharpshooter with a +0 broad axe of flaming!
Jimmeh burns the naga sharpshooter.
Aiming: Mindburst
Press: ? - help, Shift-Dir - straight line Nothing appears to happen.
You hear a spitting sound.
A splash of poison appears from out of thin air!
The splash of poison hits you.
You are poisoned.
* * * LOW HITPOINT WARNING * * *
The naga sharpshooter spits poison at you.
The splash of poison hits you but does no damage.
You are more poisoned.
Jimmeh hits the naga sharpshooter with a +0 broad axe of flaming!!
Jimmeh burns the naga sharpshooter.
Jimmeh hits something with a +0 broad axe of flaming!
Jimmeh hits something with a +0 broad axe of flaming.
Jimmeh burns something.
You feel better.
You hear some strange, mumbled words.
You hear a thunk.
The bolt hits you!!
* * * LOW HITPOINT WARNING * * *
You die... #..# NN.

#..####N###
#.....)...#
#.§.......#
#.R.(.....#
#.N######.# #<.# .#
##### ###''##### #
##...###...{@...# .#
#.....#.........#...
#...............'...
#...............'..#
#..............##...
#......#......## ..
#......##....## .
##.....##'''## .
#++#####...#####..


You could see the friendly Jimmeh the knight (idealised) and a naga sharpshooter
(distracted).

Vanquished Creatures
  Agnes (D:15)
  A frost giant (D:15)
  Louise (D:14)
  2 boulder beetles
  3 centaur warriors
  4 two-headed ogres
  4 hydras
  A catoblepas (D:13)
  4 anacondas (Snake:1)
  3 naga warriors (Snake:1)
  3 death yaks
  3 tengu warriors (D:15)
  Urug (D:12)
  2 naga sharpshooters (Snake:1)
  Amaemon (Lair:2)
  4 skeletal warriors
  5 sea snakes (Snake:2)
  A necromancer (D:13)
  An orc knight (Orc:2)
  3 ugly things (D:14)
  2 deep elf pyromancers (D:15)
  A salamander (shapeshifter) (D:14)
  2 orc sorcerers (Orc:2)
  4 cyclopes
  2 salamanders (Snake:1)
  4 elephants
  5 black mambas
  A naga mage (Snake:2)
  3 cane toads (Lair:2)
  A cane toad (shapeshifter) (D:13)
  An orange demon (Lair:2)
  3 yaktaurs (D:15)
  A tengu conjurer (D:14)
  A kobold demonologist (D:14)
  2 rime drakes
  An efreet (D:15)
  4 komodo dragons
  A freezing wraith (D:14)
  7 trolls
  4 tyrant leeches (Lair:2)
  5 polar bears
  A hornet (D:8)
  A blink frog (shapeshifter) (D:14)
  11 blink frogs
  23 slime creatures
  A shadow (D:13)
  3 wraiths
  A vampire (D:12)
  14 yaks
  2 fire elementals (D:12)
  3 wyverns
  3 hogs (D:13)
  A basilisk (D:14)
  6 vampire mosquitoes (D:11)
  A warg (Orc:2)
  2 steam dragons
  2 acid dragons
  6 nagas (Snake:1)
  Duvessa (D:6)
  6 water moccasins
  A black bear (D:5)
  19 orc warriors
  2 ice beasts (D:7)
  2 sky beasts
  12 ogres
  3 boggarts (D:14)
  4 centaurs
  2 kobold brigands (D:12)
  8 bullfrogs
  A necrophage (D:7)
  3 scorpions
  Dowan (D:6)
  A killer bee (D:11)
  2 electric eels (Snake:2)
  4 howler monkeys
  A lava snake (D:15)
  A gnoll bouda (D:5)
  2 hounds (D:5)
  6 jellies
  18 orc priests
  3 iguanas
  19 orc wizards
  9 adders
  13 gnolls
  2 shadow imps
  An ufetubus (D:4)
  A worm (D:2)
  74 orcs
  12 ball pythons
  15 endoplasms
  2 giant cockroaches
  11 hobgoblins
  4 jackals (D:3)
  6 quokkas
  6 bats
  2 frilled lizards (D:3)
  9 goblins
  19 kobolds
  4 rats
496 creatures vanquished.

Vanquished Creatures (collateral kills)
  Jorgrun (D:15)
  Rupert (D:15)
  Kirke (D:13)
  Roxanne (D:15)
  An orc warlord (Orc:2)
  Azrael (D:12)
  A bunyip (shapeshifter) (D:15)
  A hydra (Lair:1)
  A boulder beetle (D:11)
  2 anacondas
  A two-headed ogre (D:13)
  3 death yaks (Lair:3)
  A naga warrior (Snake:1)
  2 tengu warriors (D:15)
  An orc high priest (Orc:2)
  3 naga sharpshooters
  2 shock serpents (Snake:1)
  A skeletal warrior (D:12)
  A fire crab (D:14)
  2 sea snakes (Snake:2)
  3 orc knights
  2 naga ritualists
  3 mana vipers (Snake:1)
  A deep elf pyromancer (D:12)
  An ugly thing (D:13)
  2 orc sorcerers
  2 cyclopes (D:13)
  A manticore (D:15)
  An elephant (Lair:3)
  3 naga magi
  6 black mambas
  2 cane toads
  A rime drake (Lair:1)
  An unseen horror (D:13)
  4 yaktaurs (D:15)
  A komodo dragon (Lair:3)
  2 trolls (D:13)
  9 blink frogs
  2 slime creatures
  A tyrant leech (Lair:2)
  A wyvern (D:8)
  3 yaks
  3 hogs (D:13)
  2 basilisks
  3 vampire mosquitoes (D:11)
  Menkaure (D:6)
  8 nagas
  2 swamp worms (Lair:2)
  An acid dragon (D:9)
  A water moccasin (Lair:4)
  A floating eye (Lair:1)
  2 hell hounds (D:12)
  11 orc warriors
  3 ogres
  2 centaurs (D:13)
  A kobold brigand (D:12)
  5 bullfrogs
  2 gnoll sergeants
  4 killer bees (D:11)
  An electric eel (Snake:2)
  A hound (D:7)
  3 orc priests
  15 orc wizards
  2 gnolls
  An adder (D:6)
  A white imp (D:7)
  17 orcs
  A kobold (D:9)
174 creatures vanquished.

Vanquished Creatures (others)
  A kobold brigand (D:9)
  13 knights
  2 ancestors
  3 kobolds (D:9)
  A bush (Lair:4)
  7 demonic plants (D:2)
  23 fungi
  57 plants
  11 toadstools (D:2)
  3 withered plants (D:2)
121 creatures vanquished.

Grand Total: 791 creatures vanquished

Notes
Turn   | Place    | Note
-------+----------+-------------------------------------------
     0 | D:1      | nightchill the Minotaur Fighter began the quest for the
                  | Orb.
     0 | D:1      | Reached XP level 1. HP: 19/19 MP: 0/0
    97 | D:1      | Reached skill level 3 in Axes
   164 | D:1      | Reached XP level 2. HP: 19/27 MP: 1/1
   612 | D:2      | Reached XP level 3. HP: 25/33 MP: 2/2
   798 | D:2      | Reached skill level 4 in Axes
  1038 | D:2      | Found a faded altar of an unknown god.
  1153 | D:2      | Reached XP level 4. HP: 41/41 MP: 3/3
  1412 | D:2      | Reached skill level 5 in Axes
  1413 | D:2      | Reached XP level 5. HP: 40/47 MP: 4/4
  1416 | D:2      | Reached skill level 5 in Fighting
  1717 | D:3      | Found the +8 trident of the Octopus King {venom, rElec
                  | rPois}
  1768 | D:3      | Reached skill level 6 in Axes
  2141 | D:3      | Reached XP level 6. HP: 53/56 MP: 5/5
  2897 | D:4      | Found a staircase to the Ecumenical Temple.
  2906 | Temple   | Entered the Ecumenical Temple
  2906 | Temple   | Found a transporter.
  2906 | Temple   | Found a transporter.
  2908 | Temple   | Found a transporter.
  2908 | Temple   | Found a transporter.
  2967 | Temple   | Became a worshipper of Hepliaklqana the Forgotten
  3135 | D:4      | Reached skill level 7 in Axes
  3159 | D:5      | Entered Level 5 of the Dungeon
  3345 | D:5      | Reached skill level 1 in Invocations
  3762 | D:4      | Reached XP level 7. HP: 54/63 MP: 5/7
  3990 | D:4      | Found a glowing silver altar of Zin.
  4106 | D:5      | Found an ornate altar of the Wu Jian Council.
  4135 | D:5      | Reached skill level 8 in Axes
  4648 | D:5      | Reached XP level 8. HP: 71/71 MP: 9/9
  4785 | D:5      | Found a basalt altar of Yredelemnul.
  4945 | D:6      | Reached skill level 9 in Axes
  5195 | D:6      | Reached * piety under Hepliaklqana
  5477 | D:6      | Noticed Menkaure
  5492 | D:6      | Killed Menkaure
  5810 | D:6      | Noticed Dowan
  5814 | D:6      | Noticed Duvessa
  5815 | D:6      | Reached skill level 10 in Axes
  5828 | D:6      | Killed Duvessa
  5917 | D:6      | Killed Dowan
  6773 | D:7      | Identified the ring "Eguhe Levi" {Fly Str+6}
  6938 | D:7      | Reached XP level 9. HP: 72/72 MP: 11/11
  7331 | D:7      | Reached skill level 11 in Axes
  7331 | D:7      | Reached skill level 5 in Invocations
  7847 | D:8      | Noticed an orange crystal statue
  8087 | D:8      | Reached ** piety under Hepliaklqana
  8088 | D:8      | Remembered your ancestor Jimmeh as a knight
  8335 | D:8      | Reached skill level 12 in Axes
  8590 | D:8      | Noticed an obsidian statue
  9485 | D:9      | Found a radiant altar of Vehumet.
  9674 | D:9      | Reached XP level 10. HP: 75/81 MP: 13/13
  9850 | D:9      | Reached skill level 13 in Axes
 10423 | D:10     | Entered Level 10 of the Dungeon
 10423 | D:10     | Reached *** piety under Hepliaklqana
 10524 | D:10     | Noticed a two-headed ogre
 10545 | D:9      | Reached skill level 10 in Fighting
 11013 | D:10     | Found a staircase to the Lair.
 11014 | D:10     | Noticed a two-headed ogre
 11377 | D:10     | Killed a two-headed ogre
 11378 | D:10     | Reached skill level 14 in Axes
 11504 | D:10     | Noticed a two-headed ogre
 11511 | D:10     | Killed a two-headed ogre
 11582 | D:10     | Killed a two-headed ogre
 11583 | D:10     | Reached XP level 11. HP: 91/91 MP: 15/15
 11695 | D:10     | Identified the +6 spear of Radicalism {pain, rPois}
 11850 | D:10     | Found an iron altar of Okawaru.
 12019 | Lair:1   | Entered Level 1 of the Lair of Beasts
 12397 | Lair:1   | Noticed an oklob plant
 12404 | Lair:1   | Noticed an oklob plant
 12492 | Lair:1   | You are sucked into a shaft and drop 1 floor!
 12818 | Lair:1   | Reached skill level 15 in Axes
 12910 | Lair:1   | Noticed a five-headed hydra
 12922 | Lair:1   | Killed a five-headed hydra
 13513 | Lair:1   | Paralysed by a floating eye for 4 turns
 13846 | Lair:2   | Found a staircase to the Swamp.
 13866 | Lair:2   | HP: 4/93 [swamp worm (17)]
 14386 | Lair:2   | Reached **** piety under Hepliaklqana
 15095 | Lair:2   | Reached skill level 16 in Axes
 15431 | Lair:2   | Noticed Amaemon
 15440 | Lair:2   | Killed Amaemon
 15604 | Lair:2   | Identified the amulet of the Furies {Faith MP+9}
 15691 | Lair:2   | Reached skill level 5 in Armour
 15691 | Lair:2   | Reached skill level 5 in Shields
 15694 | Lair:2   | Reached XP level 12. HP: 23/101 MP: 18/18
 17305 | Lair:3   | Found a hide-covered altar of Uskayaw.
 17320 | Lair:3   | Reached skill level 10 in Invocations
 17330 | Lair:3   | Found a staircase to the Snake Pit.
 17707 | Lair:3   | Reached ***** piety under Hepliaklqana
 18150 | Lair:4   | Found a viscous altar of Jiyva.
 18152 | Lair:4   | Found a staircase to the Slime Pits.
 18152 | Lair:4   | Noticed a four-headed hydra
 18167 | Lair:4   | Killed a four-headed hydra
 18598 | Lair:4   | Noticed an eight-headed hydra
 18613 | Lair:4   | Killed an eight-headed hydra
 18956 | Lair:4   | Noticed a death yak
 18956 | Lair:4   | Noticed a death yak
 18994 | Lair:4   | Killed a death yak
 18996 | Lair:4   | Noticed a death yak
 18999 | Lair:4   | Noticed a death yak
 19006 | Lair:3   | Killed a death yak
 19083 | Lair:4   | Noticed a death yak
 19093 | Lair:3   | Killed a death yak
 19313 | Lair:4   | Noticed a death yak
 19329 | Lair:3   | Killed a death yak
 19520 | Lair:3   | Killed a death yak
 19521 | Lair:3   | Reached XP level 13. HP: 34/110 MP: 20/20
 22236 | D:12     | Noticed Azrael
 23575 | D:12     | Killed Azrael
 23740 | D:12     | Found a staircase to the Orcish Mines.
 23792 | D:12     | Noticed Urug
 23810 | D:12     | Killed Urug
 24255 | D:12     | Reached skill level 10 in Armour
 24373 | D:12     | Reached skill level 10 in Shields
 24416 | Orc:1    | Entered Level 1 of the Orcish Mines
 24416 | Orc:1    | Found Moebo's Distillery.
 24439 | Orc:1    | Paralysed by an orc sorcerer for 5 turns
 24547 | D:12     | Reached skill level 1 in Evocations
 24553 | D:12     | Reached skill level 15 in Fighting
 25701 | Orc:2    | Entered Level 2 of the Orcish Mines
 26362 | Orc:2    | Reached XP level 14. HP: 74/121 MP: 22/22
 26539 | Orc:2    | Found a staircase to the Elven Halls.
 27363 | Orc:2    | Noticed an orc warlord
 27408 | Orc:2    | Killed an orc warlord
 28181 | Orc:2    | Found Qusots's Antique Armour Shoppe.
 28195 | Orc:2    | Found Molokkoikk's Antique Weapon Shoppe.
 28275 | Orc:2    | Found Yzeope's Book Shoppe.
 28375 | Orc:2    | Found Laew Dix's General Store.
 29599 | D:13     | Noticed Kirke
 29616 | D:13     | Killed Kirke
 29966 | D:13     | Found a gate to the Vaults.
 30146 | D:13     | Reached skill level 17 in Axes
 30726 | D:14     | Noticed Louise
 30739 | D:14     | Killed Louise
 31399 | D:14     | Reached skill level 5 in Evocations
 31660 | D:15     | Entered Level 15 of the Dungeon
 32344 | D:15     | Noticed Jorgrun
 32346 | D:15     | Noticed Agnes
 32352 | D:15     | Killed Jorgrun
 32355 | D:15     | Noticed Rupert
 32359 | D:15     | Killed Agnes
 32360 | D:15     | Reached XP level 15. HP: 41/130 MP: 23/23
 32494 | D:15     | Killed Rupert
 32495 | D:15     | Reached skill level 18 in Axes
 32726 | D:15     | Noticed Zuiskeng's ghost (journeyman TrFi)
 32727 | D:15     | Found a transporter.
 32744 | D:15     | Found a transporter.
 32745 | D:15     | Found the +12 pair of quick blades "Gyre" and "Gimble"
                  | {protect}
 33005 | D:15     | Found a staircase to the Depths.
 33005 | D:15     | Noticed a frost giant
 33019 | D:15     | Killed a frost giant
 33491 | D:15     | Noticed Roxanne
 33673 | D:15     | Killed Roxanne
 34524 | Snake:1  | Entered Level 1 of the Snake Pit
 35989 | Snake:1  | HP: 6/132 [naga warrior/+0 dire flail (22)]
 36003 | Snake:1  | Found a gateway to a bazaar.
 38132 | Snake:2  | Found Xatufume's Antique Armour Boutique.
 38146 | Snake:2  | Bought a pair of glowing boots for 240 gold pieces
 38146 | Snake:2  | Bought a runed hat for 224 gold pieces
 39417 | Snake:2  | Noticed Vashnia
 39901 | Snake:2  | HP: 1/134 [something (32)]
 39901 | Snake:2  | Shot with a bolt by something

Illustrated notes

Levels and vault maps discovered:
D:1:      scummos_arrival_hexagon, layout_rooms
D:2:      cheibrodos_fertilizer, layout_loops_ring,
          shapermc_ecumenical_altar_gd, chequers_serial_rivers_small_a,
          minmay_pentomino_t4
D:3:      layout_basic
D:4:      layout_basic, pf_just_have_faith, minmay_temple_entry_glass
D:5:      layout_basic, mainiacjoe_overflow_swirl
D:6:      layout_basic, hangedman_decor_lopped, uniq_menkaure, uniq_duvessa
D:7:      layout_basic
D:8:      minmay_separated_statues, layout_cave_pods
D:9:      layout_layer_cave, vehumet_altar_wand_db, hangedman_decor_opposing
D:10:     layout_basic, okawaru_altar_gauntlet_db, lair_entry_dummy
D:11:     layout_grid_maze
D:12:     layout_cave_pools, kennysheep_orc_monster_closet_entryway,
          uniq_azrael, uniq_urug
D:13:     layout_gridville, david_vaults_1, gauntlet_entry_generic, uniq_kirke
D:14:     layout_loops_cross, chequers_serial_rivers_small_a, uniq_louise
D:15:     grunt_enter_depths_snipers, layout_basic, gammafunk_ghost_hive,
          chequers_serial_rivers_room_b, uniq_agnes, uniq_rupert, uniq_roxanne,
          uniq_jorgrun
Temple:   hellmonk_temple_divided_pantheon
Lair:1:   layout_cave_pods, small_statue_intersection, disabler_island,
          infiniplex_staircase_pool_2, grunt_megastairs_2
Lair:2:   layout_layer_cave, minmay_swamp_entry_worms, worms_lemuel,
          uniq_amaemon
Lair:3:   layout_hall_layers, dummy_snake_entry, basic_altar
Lair:4:   layout_misc_corridors, minmay_slime_entry_pillars
Snake:1:  layout_gridlike, serial_shops, statue_bzr, grunt_megastairs_3
Snake:2:  layout_gridlike, nicolae_snake_gridmaze_swirls,
          minmay_shop_grid_forest, serial_bayou_lagoon_b, uniq_donald,
          uniq_vashnia
Orc:1:    layout_caves, serial_shops, shop
Orc:2:    grunt_orc_cross, layout_diamond_mine

Skill      XL: |  1  2  3  4  5  6  7  8  9 10 11 12 13 14 15 |
---------------+----------------------------------------------+-----
Axes           | 3 4 5 6 7 8 10 12 14 16 17 18 | 18.0
Fighting       | 4 5 6 8 9 11 12 13 15 16 17 | 17.8
Invocations    | 1 3 4 6 7 9 10 12 | 12.0
Armour         | 5 8 10 | 10.0
Shields        | 5 8 10 12 14 | 14.2
Evocations     | 2 5 8 |  8.0

Action                   |  1- 3 |  4- 6 |  7- 9 | 10-12 | 13-15 || total
-------------------------+-------+-------+-------+-------+-------++-------
Melee: War axe           |    85 |   160 |   273 |   344 |   836 ||  1698
       Headbutt          |    10 |    19 |    46 |    91 |   185 ||   351
       Morningstar       |       |       |       |     3 |       ||     3
       Demon whip        |       |       |       |    11 |    11 ||    22
Throw: Dart              |       |       |       |     2 |       ||     2
Invok: Ancestor Identity |       |       |     1 |       |       ||     1
       Recall Ancestor   |       |       |     3 |     9 |    25 ||    37
       Ancestor Life: Kn |       |       |     1 |       |       ||     1
       Idealise          |       |       |       |     5 |    17 ||    22
       Transference      |       |       |       |       |     4 ||     4
Evoke: Wand              |       |       |       |     4 |     6 ||    10
       Condenser vane    |       |       |       |       |     5 ||     5
  Use: Potion            |       |     4 |       |     3 |    14 ||    21
       Scroll            |       |       |       |    14 |    15 ||    29
 Stab: Invisible         |       |     1 |       |     1 |       ||     2
       Distracted        |       |       |     4 |     2 |    14 ||    20
       Paralysed         |       |       |       |     1 |       ||     1
Armor: Scale mail        |    12 |       |       |       |       ||    12
       Chain mail        |    34 |    65 |   107 |       |       ||   206
       Plate armour      |       |       |    43 |   169 |   349 ||   561
Dodge: Dodged            |    25 |    60 |    67 |    92 |   191 ||   435
Block: Buckler           |    19 |    24 |    53 |    66 |    19 ||   181
       Kite shield       |       |       |       |       |   375 ||   375
